 Dungeon Crawl Stone Soup version 0.30-a0-618-gd6c86c23d0 (webtiles) character file.

Game seed: 9868404058749219909

2082 testman the Fighter (level 9, -3/77 HPs)
             Began as a Formicid Fighter on Jan 9, 2023.
             Was a Believer of Zin.
             Slain by an ogre
             ... wielding a +0 giant club
              (18 damage)
             ... on level 7 of the Dungeon.
             The game lasted 00:14:54 (6024 turns).

testman the Fighter (Formicid Fighter)              Turns: 6024, Time: 00:14:55

Health: -3/77      AC:  9    Str: 25    XL:     9   Next: 51%
Magic:  9/11       EV:  8    Int: 10    God:    Zin [**....]
Gold:   342        SH:  5    Dex: 14    Spells: 8/8 levels left

rFire   . . .      SeeInvis +    a - +0 flail
rCold   . . .      Faith    .    c - +0 buckler
rNeg    . . .      Spirit   .    A - +0 chain mail
rPois   ∞          Reflect  .    (helmet unavailable)
rElec   .          Harm     .    (no cloak)
rCorr   .          Rampage  .    (no gloves)
Will    .....                    (no boots) Stlth
                                 y - amulet of the acrobat
HPRegen 0.32/turn                G - ring of wizardry
MPRegen 0.12/turn                (no ring)

@: mighty, vitalised
A: permanent stasis, dig shafts and tunnels, antennae 3, four strong arms
a: Dig, Shaft Self, Renounce Religion, Recite, Vitalisation, Donate Gold


You were on level 7 of the Dungeon.
You worshipped Zin.
Zin was pleased with you.
You visited 1 branch of the dungeon, and saw 7 of its levels.

You collected 379 gold pieces.
You donated 37 gold pieces to Zin.

Inventory:

Hand Weapons
 a - a +0 flail (weapon)
Missiles
 e - 17 poisoned darts (quivered)
 z - 5 curare-tipped darts
 C - 5 boomerangs
Armour
 b - a +0 scale mail
 c - a +0 buckler (worn)
 A - a +0 chain mail (worn)
Jewellery
 y - an amulet of the acrobat (around neck)
 G - a ring of wizardry (left hand)
Wands
 D - a wand of flame (24)
Scrolls
 h - 2 scrolls of blinking {unknown}
 l - 8 scrolls of identify {unknown}
 m - a scroll of brand weapon {unknown}
 n - a scroll of torment {unknown}
 o - 2 scrolls of immolation {unknown}
 t - 2 scrolls of fog {unknown}
 u - 2 scrolls of poison {unknown}
 v - a scroll of butterflies {unknown}
 w - a scroll of enchant armour {unknown}
 B - a scroll of teleportation {unknown}
 E - a scroll of noise {unknown}
 F - a scroll of vulnerability {unknown}
Potions
 f - a potion of mutation {unknown}
 g - a potion of resistance {unknown}
 i - a potion of haste {unknown}
 j - a potion of lignification {unknown}
 k - 3 potions of flight {unknown}
 p - 3 potions of curing
 q - a potion of brilliance {unknown}
 r - 2 potions of heal wounds
 s - a potion of ambrosia {unknown}
 x - 2 potions of degeneration {unknown}


   Skills:
 + Level 9.6 Fighting
 + Level 8.4 Maces & Flails
 - Level 3.2 Armour
 - Level 4.0 Shields
 + Level 3.0 Invocations


You had 8 spell levels left.
You didn't know any spells.
Your spell library contained the following spells:

 Spells                   Type           Power      Damage    Failure   Level
 Sublimation of Blood     Necr           0%         N/A       86%         2
 Wereblood                Tmut           0%         N/A       86%         2
 Call Canine Familiar     Summ           0%         N/A       97%         3
 Gell's Gravitas          Tloc           0%         N/A       97%         3
 Portal Projectile        Hex/Tloc       0%         N/A       97%         3
 Teleport Other           Tloc           0%         N/A       97%         3
 Leda's Liquefaction      Hex/Erth       0%         N/A       100%        4
 Dispersal                Tloc           0%         N/A       100%        6
 Summon Hydra             Summ           0%         N/A       100%        7


Dungeon Overview and Level Annotations

Branches:
Dungeon (7/15)
 Temple: D:4-7

Altars:
Dithmenos
Makhleb
Zin

Shops:
D:1 [   D:3 (


Innate Abilities, Weirdness & Mutations

You cannot be hasted, slowed, berserked, paralysed or teleported.
You can dig through walls and to a lower floor.
You have a pair of large antennae on your head. (SInv)
Your four strong arms can wield two-handed weapons with a shield.


Message History

You hit the hornet.
The hornet is severely wounded.
The hornet stings you.
Your divine stamina protects you from poison!
The hornet stings you!
Your divine stamina protects you from poison!
You miss the hornet.
The hornet is severely wounded.
The hornet stings you.
Your divine stamina protects you from poison!
You barely miss the hornet.
The hornet is severely wounded.
The hornet stings you but does no damage.
The hornet stings you.
* * * LOW HITPOINT WARNING * * *
Your divine stamina protects you from poison!
You miss the hornet.
The hornet is severely wounded.
You are no longer poisoned.
You block the hornet's attack.
You hit the hornet.
The hornet is severely wounded.
You block the hornet's attack. The hornet stings you!
* * * LOW HITPOINT WARNING * * *
Your divine stamina protects you from poison!
It was a potion of heal wounds.
You feel much better. The hornet closely misses you.
You feel very mighty all of a sudden. The hornet barely misses you.
You block the hornet's attack.
You sock the hornet!
You kill the hornet!
Your Invocations skill increases to level 3!
You bludgeon the ogre!!
The ogre is severely wounded.
The ogre hits you with a +0 giant club!!
* * * LOW HITPOINT WARNING * * *
You barely miss the ogre.
The ogre is severely wounded.
The ogre hits you with a +0 giant club!!
You die...

#.......>.# .#
#.###.##### .# #.#
#.# .# #.# #.# .#
# #.# #.# .##.#
#.# #.# ###....#
#.# #.. #...# #.#
### #O#.....O.
####.# #@###<....
..##.# #)# ..#.
#.##.# #.# ...
#.##.###########.#
##
..[..............#
#.##.......#######
#[########.# ..#
#.# ### #.#


You could see an ogre.

Vanquished Creatures
  A troll (D:7)
  A hornet (D:7)
  An orc warrior (D:6)
  An ice beast (D:6)
  A gnoll sergeant (D:5)
  5 scorpions
  4 wights (D:6)
  2 howler monkeys
  3 hounds
  A jelly (D:4)
  6 orc priests
  3 iguanas
  7 orc wizards
  Ijyb (D:5)
  6 gnolls
  8 adders
  2 worms
  34 orcs
  6 bats
  12 endoplasms
  A giant cockroach (D:4)
  7 goblins
  10 hobgoblins
  10 jackals
  8 quokkas
  5 ball pythons
  3 frilled lizards (D:2)
  8 kobolds
  3 rats
160 creatures vanquished.

Notes
Turn   | Place    | Note
-------+----------+-------------------------------------------
     0 | D:1      | testman the Formicid Fighter began the quest for the Orb.
     0 | D:1      | Reached XP level 1. HP: 18/18 MP: 1/1
    17 | D:1      | You fall into a shaft and drop 1 floor!
    96 | D:1      | Reached XP level 2. HP: 20/24 MP: 2/2
   170 | D:1      | Found Juvveus's Armour Emporium.
   212 | D:1      | Reached XP level 3. HP: 25/30 MP: 3/3
   384 | D:1      | Reached skill level 4 in Fighting
   685 | D:2      | Reached XP level 4. HP: 37/37 MP: 4/4
  1106 | D:2      | Reached XP level 5. HP: 38/43 MP: 5/5
  1410 | D:3      | Found Qosm's Antique Weapon Shoppe.
  1452 | D:3      | Reached skill level 5 in Fighting
  1906 | D:3      | Found a glowing silver altar of Zin.
  1910 | D:3      | Became a worshipper of Zin the Law-Giver
  1910 | D:3      | Reached * piety under Zin
  1964 | D:3      | Found a burning altar of Makhleb.
  2150 | D:4      | Reached XP level 6. HP: 32/51 MP: 6/6
  2850 | D:4      | Reached skill level 6 in Fighting
  2920 | D:4      | Reached skill level 5 in Maces & Flails
  2920 | D:4      | Reached XP level 7. HP: 58/58 MP: 7/7
  3260 | D:5      | Entered Level 5 of the Dungeon
  3314 | D:5      | Found a shadowy altar of Dithmenos.
  3543 | D:5      | Noticed Ijyb
  3706 | D:5      | Killed Ijyb
  4210 | D:5      | Reached skill level 7 in Fighting
  4341 | D:5      | Reached XP level 8. HP: 42/67 MP: 8/8
  4683 | D:6      | Reached ** piety under Zin
  4972 | D:6      | Reached skill level 8 in Fighting
  5611 | D:7      | Noticed a troll
  5623 | D:7      | Killed a troll
  5624 | D:7      | Reached skill level 9 in Fighting
  5624 | D:7      | Reached XP level 9. HP: 50/76 MP: 9/9
  5643 | D:7      | Reached skill level 1 in Invocations
  6000 | D:7      | Noticed a hornet
  6022 | D:7      | Killed a hornet
  6024 | D:7      | Slain by an ogre

Illustrated notes

Levels and vault maps discovered:
D:1:      dpeg_arrival_rooms_with_view, layout_loops_ring, serial_shops, shop
D:2:      minmay_angry_zag, layout_rooms, kennysheep_cross_room,
          minmay_small_reverse_x
D:3:      layout_rooms, zin_scriptorium, marbit_many_paths, serial_shops,
          nicolae_shop_trees
D:4:      layout_loops_ring, minmay_diced_spiral
D:5:      layout_cave_pools, nicolae_dithmenos_through_a_glass_darkly, uniq_ijyb
D:6:      minmay_skewed_foursquare, layout_rooms
D:7:      layout_loops_ring, minmay_temple_entry_purple_smoke,
          nicolae_island_escapes

Skill      XL: |  1  2  3  4  5  6  7  8  9 |
---------------+----------------------------+-----
Fighting       | 4 5 6 7 9 |  9.6
Maces & Flails | 3 4 5 6 7 8 |  8.4
Invocations    | 3 |  3.0
Armour         | |  3.2
Shields        | |  4.0

Action                   |  1- 3 |  4- 6 |  7- 9 || total
-------------------------+-------+-------+-------++-------
Melee: Flail             |    65 |   228 |   318 ||   611
Invok: Recite            |       |     1 |     4 ||     5
       Vitalisation      |       |       |     1 ||     1
 Abil: Dig               |       |     1 |       ||     1
  Use: Potion            |       |       |     2 ||     2
 Stab: Confused          |       |       |     1 ||     1
Armor: Scale mail        |    20 |   111 |       ||   131
       Chain mail        |       |       |   146 ||   146
       Skin              |       |       |     3 ||     3
Dodge: Dodged            |    32 |   106 |    87 ||   225
Block: Buckler           |    19 |    58 |    66 ||   143

Table legend: (Time is in decaauts)
 A = Elapsed time spent in this place.
 B = Non-inter-level travel time spent in this place.
 C = Inter-level travel time spent in this place.
 D = Time resting spent in this place.
 E = Time spent auto-exploring this place.
 F = Levels seen in this place.
 G = Mean time per level.
                   A        B        C        D        E       F      G
               +--------+--------+--------+--------+--------+-----+--------+
         Total |   6129 |   5902 |    227 |    899 |   3752 |   7 |  875.6 |
       Dungeon |   6129 |   5902 |    227 |    899 |   3752 |   7 |  875.6 |
               +--------+--------+--------+--------+--------+-----+--------+

Top non-repeatable levels by time:
     D:4: 1357 daAuts
     D:6: 1170 daAuts
     D:5: 1169 daAuts
     D:3: 812 daAuts
     D:1: 682 daAuts
     D:2: 622 daAuts
     D:7: 314 daAuts
